 Dungeon Crawl Stone Soup version 0.28-a0-239-g68911e0c57 (webtiles) character file.

Game seed: 17751457987886261926

20255 MrDNA the Spear-Bearer (level 12, -2/109 HPs)
             Began as a Troll Necromancer on Aug 23, 2021.
             Was a High Priest of Hepliaklqana.
             Succumbed to a black mamba's poison
             ... on level 3 of the Lair of Beasts on Aug 24, 2021.
             The game lasted 01:16:02 (14639 turns).

MrDNA the Spear-Bearer (Troll Necromancer)         Turns: 14639, Time: 01:16:03

Health: -2/109     AC: 11    Str: 21    XL:     12   Next: 43%
Magic:  1/17       EV:  9    Int: 15    God:    Hepliaklqana [*****.]
Gold:   734        SH:  0    Dex: 10    Spells: 11/19 levels left

rFire   + . .      SeeInvis .   j - +1 dagger (drain)
rCold   + . .      Faith    .   (no shield)
rNeg    . . .      Spirit   +   I - +0 robe of Kikubaaqudgha's Hope {Str+2}
rPois   +          Reflect  .   y - +2 hat
rElec   +          Harm     .   e - +0 cloak
rCorr   +          Rampage  .   (gloves unavailable)
Will    .....                   (boots unavailable)
Stlth   ++........              O - amulet of guardian spirit
HPRegen 1.28/turn               g - +4 ring of protection
MPRegen 0.15/turn               o - ring of wizardry

@: lethally poisoned (-2 -> -11), resistant, very slightly contaminated,
invisible
A: reduced essence, large, unfitting armour, claws 3, regeneration 1, shaggy fur
1, tough skin 1
a: Renounce Religion, Recall Ancestor, Ancestor Identity, Transference, Idealise


You were on level 3 of the Lair of Beasts.
You worshipped Hepliaklqana.
Hepliaklqana was extremely pleased with you.
You visited 3 branches of the dungeon, and saw 14 of its levels.
You also visited: Ossuary and Gauntlet.

You collected 854 gold pieces.
You spent 120 gold pieces at shops.

Inventory:

Hand Weapons
 j - a +1 dagger of draining (weapon)
 n - a +0 halberd
 v - a +0 giant club
Missiles
 i - 3 curare-tipped darts
 k - a throwing net
 r - 492 stones
 M - 21 poisoned darts (quivered)
Armour
 e - a +0 cloak (worn)
 y - a +2 hat (worn)
 G - a +1 robe of willpower
 I - the +0 robe of Kikubaaqudgha's Hope (worn) {Str+2}
   (You took it off an orc on level 8 of the Dungeon)

   Str:       It affects your strength (+2).
Jewellery
 g - a +4 ring of protection (left claw)
 o - a ring of wizardry (right claw)
 s - a ring of resist corrosion
 w - a ring of positive energy
 z - a ring of positive energy
 B - a ring of magical power
 O - an amulet of guardian spirit (around neck)
Wands
 p - a wand of flame (23)
 A - a wand of charming (15)
 E - a wand of acid (8)
 H - a wand of polymorph (10)
 N - a wand of iceblast (9)
Scrolls
 a - 3 scrolls of enchant armour
 b - 6 scrolls of fog {unknown}
 c - 2 scrolls of immolation
 d - 4 scrolls of enchant weapon {unknown}
 h - 2 scrolls of vulnerability
 C - a scroll of brand weapon {unknown}
 D - 3 scrolls of teleportation
 F - a scroll of acquirement {unknown}
 L - a scroll of amnesia
 P - a scroll of noise {unknown}
Potions
 f - a potion of resistance
 l - 3 potions of lignification
 m - a potion of brilliance
 q - a potion of haste
 t - 5 potions of might
 u - a potion of mutation
 K - a potion of flight {unknown}


   Skills:
 - Level 8.7 Fighting
 + Level 12.4 Polearms
 - Level 0.3 Throwing
 - Level 1.5 Dodging
 - Level 2.0 Stealth
 - Level 4.3 Spellcasting
 - Level 6.7 Necromancy
 - Level 0.2 Evocations


You had 11 spell levels left.
You knew the following spells:

 Your Spells              Type           Power      Damage    Failure   Level
a - Pain                  Necr           92%        1d8       1%          1
b - Vampiric Draining     Necr           11%        2d7       1%          3
c - Animate Dead          Necr           11%        N/A       4%          4

Your spell library contained the following spells:

 Spells                   Type           Power      Damage    Failure   Level
 Animate Skeleton         Necr           46%        N/A       1%          1
 Sublimation of Blood     Necr           11%        N/A       1%          2
 Apportation              Tloc           6%         N/A       7%          1
 Corona                   Hex            3%         N/A       7%          1
 Sting                    Tmut/Pois      12%        1d3       7%          1
 Summon Small Mammal      Summ           12%        N/A       7%          1
 Blink                    Tloc           N/A        N/A       11%         2
 Passwall                 Tmut/Erth      2%         N/A       11%         2
 Poisonous Vapours        Pois/Air       6%         N/A       11%         2
 Wereblood                Tmut           3%         N/A       11%         2
 Agony                    Necr           23%        N/A       12%         5
 Frozen Ramparts          Ice            6%         1d2       21%         3
 Swiftness                Air            3%         N/A       21%         3
 Ice Form                 Ice/Tmut       3%         N/A       52%         4
 Olgreb's Toxic Radiance  Pois           3%         N/A       52%         4
 Petrify                  Tmut/Erth      3%         N/A       52%         4
 Summon Ice Beast         Ice/Summ       3%         N/A       52%         4
 Manifold Assault         Tloc           3%         N/A       86%         5
 Metabolic Englaciation   Hex/Ice        1%         N/A       86%         5
 Invisibility             Hex            1%         N/A       100%        6
 Statue Form              Tmut/Erth      2%         N/A       100%        6
 Storm Form               Tmut/Air       1%         N/A       100%        7
 Summon Hydra             Summ           1%         N/A       100%        7


Dungeon Overview and Level Annotations

Branches:
Dungeon (11/15)            Temple (1/1) D:5            Lair (3/6) D:10
    Orc (0/2) D:11        Ossuary (visited)         Gauntlet (visited)
  Swamp: Lair:2-4    Shoals: Lair:2-4     Snake: Lair:2-4    Spider: Lair:2-4

Altars:
Ashenzari
Cheibriados
Dithmenos
Elyvilon
Fedhas
Gozag
Hepliaklqana
Kikubaaqudgha
Makhleb
Nemelex Xobeh
Okawaru
Qazlal
Ru
Sif Muna
Trog
Uskayaw
Vehumet
Wu Jian
Xom
Yredelemnul
Zin
The Shining One

Shops:
D:4 :*   D:5 [   D:6 =   D:7 =

Annotations:
D:6 3 runed translucent doors, siradein's ghost, novice DsBe


Innate Abilities, Weirdness & Mutations

Your life essence is reduced to manifest your ancestor. (-10% HP)
You are too large for most types of armour.
You have claws for hands.
Your natural rate of healing is unusually fast.
You are covered in fur. (AC +1)
You have tough skin. (AC +1)


Message History

Unknown command.
Okay, then.
Unknown command.
Okay, then.
Okay, then.
You closely miss the black mamba.
The black mamba is moderately wounded.
* * * LOW HITPOINT WARNING * * *
You feel extremely sick. The black mamba closely misses you.
Qitarah hits the black mamba with a +0 dagger of draining!
Qitarah drains the black mamba.
You hit the black mamba. You drain the black mamba.
The black mamba is severely wounded.
* * * LOW HITPOINT WARNING * * *
You feel extremely sick. The black mamba completely misses you.
The black mamba bites you.
* * * LOW HITPOINT WARNING * * *
Qitarah casts a spell at the black mamba.
The black mamba resists with significant effort.
Casting: Vampiric Draining (safe; 1% risk of failure)
Confirm with . or Enter, or press ? or * to list all spells.
You don't have enough magic to cast this spell.
Unknown command.
It was a potion of invisibility.
You fade into invisibility!
* * * LOW HITPOINT WARNING * * *
You feel extremely sick.
The black mamba bites Qitarah but does no damage.
The black mamba barely misses Qitarah.
Qitarah hits the black mamba with a +0 dagger of draining.
The cane toad stings Qitarah!!
You are very lightly contaminated with residual magic.
* * * LOW HITPOINT WARNING * * *
You feel very sick.
The black mamba barely misses Qitarah.
The cane toad stings Qitarah.
The black mamba bites Qitarah.
Qitarah closely misses the black mamba.
It was a potion of resistance.
You feel protected.
You die...

#####<...# #....#### #
#....######....#.P##.##
#......................
##........>...P#........
##...................#...
###....##P.#....#......+ .
P#.#..######....P......#..
......## #.#.....#.##....
.......# ##....@.........
......## #...............
......### ##..###SR##.....
........# #.....F..#..
......### #.#......#
......P# ####.#........
.......###.#.........P.#
..............#P.......#
..............P..###...#


You could see the friendly Qitarah the hexer, a black mamba (drained, ally
target) and a cane toad.

Vanquished Creatures
  Gastronok (Lair:1)
  3 hydras
  A boulder beetle (Lair:2)
  2 elephants
  A black mamba (Lair:1)
  A cane toad (Lair:2)
  A rime drake (Lair:3)
  2 komodo dragons
  3 blink frogs (Lair:2)
  12 yaks
  Sigmund (D:5)
  2 wyverns
  11 water moccasins
  An orc warrior (D:6)
  3 necrophages
  3 ogres
  A black bear (Lair:1)
  A centaur (D:7)
  2 phantoms
  4 bullfrogs
  A wyvern skeleton (D:7)
  2 killer bees (D:8)
  3 wights (D:6)
  A howler monkey (Lair:1)
  4 hounds
  A jelly (D:5)
  A bullfrog skeleton (D:5)
  2 orc priests
  2 iguanas
  A hexer (Lair:3)
  An orc wizard (D:3)
  11 mummies (Ossuary)
  8 gnolls
  7 adders
  2 shadow imps
  A white imp (D:5)
  2 worms
  4 dart slugs
  13 orcs
  8 endoplasms
  2 giant cockroaches
  30 goblins
  21 hobgoblins
  6 jackals
  13 kobolds
  7 quokkas
  7 ball pythons
  6 bats
  3 frilled lizards
  A gnoll skeleton (Ossuary)
  2 goblin skeletons (Ossuary)
  3 kobold skeletons (Ossuary)
  2 orc skeletons (Ossuary)
  3 rats
  11 rat skeletons (Ossuary)
248 creatures vanquished.

Vanquished Creatures (collateral kills)
  A hydra (Lair:2)
  A boulder beetle (Lair:2)
  2 elephants (Lair:3)
  A black mamba (Lair:2)
  4 cane toads
  A rime drake (Lair:2)
  A kobold demonologist (Lair:1)
  A hornet (D:8)
  2 polar bears
  A dream sheep (Lair:2)
  2 blink frogs (Lair:2)
  A wyvern (Lair:1)
  4 basilisks
  A steam dragon (D:8)
  7 water moccasins
  An orc warrior (D:7)
  A sky beast (D:8)
  2 black bears (Lair:3)
  2 centaurs
  A kobold brigand (D:8)
  4 bullfrogs
  A scorpion (D:6)
  3 killer bees (D:8)
  A wight (D:6)
  A bullfrog zombie (D:6)
  A centaur zombie (D:8)
  A centaur skeleton (D:6)
  A hound (D:6)
  2 orc wizards (D:7)
  2 gnolls (D:4)
  An ufetubus (D:6)
  6 orcs
  4 goblins (D:4)
  5 hobgoblins (D:4)
  3 kobolds
73 creatures vanquished.

Vanquished Creatures (others)
  8 hexers
  3 ancestors (D:6)
  15 fungi
  39 plants
65 creatures vanquished.

Grand Total: 386 creatures vanquished

Notes
Turn   | Place    | Note
-------+----------+-------------------------------------------
     0 | D:1      | MrDNA the Troll Necromancer began the quest for the Orb.
     0 | D:1      | Reached XP level 1. HP: 16/16 MP: 1/1
   326 | D:1      | Reached XP level 2. HP: 24/24 MP: 0/2
  1314 | D:2      | Reached XP level 3. HP: 31/31 MP: 2/4
  1358 | D:2      | Found a sparkling altar of Nemelex Xobeh.
  1699 | D:2      | Reached XP level 4. HP: 30/39 MP: 2/5
  1779 | D:2      | Learned a level 3 spell: Vampiric Draining
  2722 | D:3      | Noticed a necrophage
  2753 | D:3      | Killed a necrophage
  2754 | D:3      | Reached XP level 5. HP: 39/45 MP: 7/7
  2815 | D:4      | Noticed an ogre
  3030 | D:3      | Reached skill level 5 in Necromancy
  3092 | D:4      | Killed an ogre
  3093 | D:4      | Reached XP level 6. HP: 53/53 MP: 6/9
  3213 | D:4      | Learned a level 4 spell: Animate Dead
  3722 | D:4      | Reached XP level 7. HP: 20/59 MP: 1/11
  3930 | D:4      | Found Wenwaen's General Store.
  3939 | D:4      | Bought a scroll of blinking for 82 gold pieces
  3939 | D:4      | Bought a scroll of fear for 38 gold pieces
  3988 | D:4      | Found Zoowk's Book Emporium.
  4862 | D:5      | Entered Level 5 of the Dungeon
  4891 | D:5      | Found Sitem's Armour Emporium.
  5181 | D:5      | Reached skill level 1 in Fighting
  5272 | D:5      | Found a staircase to the Ecumenical Temple.
  5281 | Temple   | Entered the Ecumenical Temple
  5299 | Temple   | Became a worshipper of Hepliaklqana the Forgotten
  5534 | D:5      | Noticed Sigmund
  5545 | D:5      | Killed Sigmund
  5951 | D:6      | Found a runed translucent gate.
  5951 | D:6      | Found a runed translucent gate.
  5951 | D:6      | Found a runed translucent gate.
  5953 | D:6      | Noticed siradein's ghost (novice DsBe)
  5955 | D:6      | Noticed a kobold demonologist
  5967 | D:6      | Found a sand-covered staircase.
  5979 | Ossuary  | Entered an ossuary
  6108 | Ossuary  | Reached XP level 8. HP: 60/72 MP: 12/12
  6231 | Ossuary  | Reached skill level 1 in Polearms
  6319 | Ossuary  | Reached * piety under Hepliaklqana
  6761 | D:6      | Reached skill level 2 in Polearms
  6897 | D:6      | Found Zakkyd Qeste's Jewellery Emporium.
  6972 | D:6      | Reached skill level 3 in Polearms
  7028 | D:6      | Found a snail-covered altar of Cheibriados.
  7633 | D:6      | Found a white marble altar of Elyvilon.
  7634 | D:6      | Found an iron altar of Okawaru.
  7780 | D:6      | Reached skill level 4 in Polearms
  7780 | D:6      | Reached XP level 9. HP: 75/75 MP: 11/14
  8138 | D:7      | Found Taunapp's Jewellery Shoppe.
  8174 | D:7      | Found a sparkling altar of Nemelex Xobeh.
  8179 | D:7      | Found a shimmering blue altar of Sif Muna.
  8187 | D:7      | Found a broken altar of Ashenzari.
  8204 | D:7      | Reached ** piety under Hepliaklqana
  8205 | D:7      | Remembered your ancestor Qitarah as a hexer
  9100 | D:8      | Reached skill level 5 in Polearms
  9288 | D:8      | Identified the +0 robe of Kikubaaqudgha's Hope {Str+2}
  9418 | D:8      | Reached *** piety under Hepliaklqana
  9496 | D:8      | Reached skill level 5 in Fighting
  9579 | D:8      | Reached skill level 6 in Polearms
  9961 | D:8      | You fall into a shaft and drop 3 floors!
  9994 | D:10     | Entered Level 10 of the Dungeon
 10001 | D:10     | Reached XP level 10. HP: 80/88 MP: 8/15
 10048 | D:10     | Found a staircase to the Lair.
 10083 | D:10     | Noticed a gargoyle
 10100 | Lair:1   | Entered Level 1 of the Lair of Beasts
 10124 | Lair:1   | Noticed a cane toad
 10164 | Lair:1   | Reached skill level 7 in Polearms
 10181 | Lair:1   | Found a gate leading to a gauntlet.
 10190 | Gauntlet | Entered a Gauntlet
 10190 | Gauntlet | Found a transporter.
 10195 | Gauntlet | Found a transporter.
 10196 | Gauntlet | Found a transporter.
 10207 | Gauntlet | Found a transporter.
 10210 | Gauntlet | Found a transporter.
 10220 | Gauntlet | Found a transporter.
 10235 | Gauntlet | Found a runed translucent gate.
 10236 | Gauntlet | Found a transporter.
 10236 | Gauntlet | Found a runed translucent gate.
 10237 | Gauntlet | Found a runed translucent gate.
 10247 | Gauntlet | Found a transporter.
 10248 | Gauntlet | Noticed a blizzard demon
 10259 | Gauntlet | Found a transporter.
 10260 | Gauntlet | Noticed a reaper
 10275 | Gauntlet | Found a transporter.
 10287 | Gauntlet | Found a transporter.
 10290 | Gauntlet | Found a transporter.
 10297 | Gauntlet | Noticed an ice statue
 10351 | Gauntlet | Found a transporter.
 10351 | Gauntlet | Found a transporter.
 10394 | Lair:1   | Noticed a black mamba
 10404 | Lair:1   | Killed a black mamba
 10561 | Lair:1   | Reached **** piety under Hepliaklqana
 10838 | Lair:1   | Killed a cane toad
 10839 | Lair:1   | Reached skill level 8 in Polearms
 10970 | Lair:1   | Noticed a cane toad
 10985 | Lair:1   | Killed a cane toad
 11044 | Lair:1   | Noticed a six-headed hydra
 11128 | Lair:2   | Noticed a boulder beetle
 11168 | Lair:2   | Killed a boulder beetle
 11295 | Lair:2   | Noticed a four-headed hydra
 11295 | Lair:2   | Noticed an elephant
 11296 | Lair:2   | Noticed a boulder beetle
 11382 | Lair:2   | Noticed an eight-headed hydra
 11397 | Lair:2   | Killed an eight-headed hydra
 11398 | Lair:2   | Reached XP level 11. HP: 47/99 MP: 7/16
 11595 | Lair:2   | Reached skill level 9 in Polearms
 11840 | Lair:2   | Killed a boulder beetle
 11958 | Lair:2   | Found a broken altar of Ashenzari.
 12270 | Lair:2   | Killed a five-headed hydra
 12271 | Lair:2   | Reached skill level 10 in Polearms
 12503 | Lair:2   | Noticed an eight-headed hydra
 12514 | Lair:2   | Killed an eight-headed hydra
 12774 | Lair:2   | Reached skill level 11 in Polearms
 13295 | Lair:3   | Reached XP level 12. HP: 90/109 MP: 12/17
 13502 | Lair:3   | Reached ***** piety under Hepliaklqana
 14088 | Lair:1   | Killed a six-headed hydra
 14089 | Lair:1   | Reached skill level 12 in Polearms
 14273 | Lair:1   | Noticed Gastronok
 14290 | Lair:1   | Killed Gastronok
 14637 | Lair:3   | HP: 5/109 [poisoned by a black mamba]
 14638 | Lair:3   | HP: 1/109 [poisoned by a black mamba]
 14639 | Lair:3   | Succumbed to a black mamba's poison

Illustrated notes

Levels and vault maps discovered:
D:1:      dpeg_arrival_signposts, layout_loops_ring, grunt_decor_junction
D:2:      layout_basic, basic_altar
D:3:      layout_loops_cross, hangedman_decor_peaks_small
D:4:      minmay_goblin_kobold_castle, layout_rooms, serial_shops,
          nicolae_lakefront_shop, shop, grunt_ministairs_3, serial_park_tiny_2
D:5:      layout_basic, lemuel_temple_firewalk_b, serial_shops, shop,
          grunt_ministairs_11, uniq_sigmund
D:6:      layout_layer_cave, mainiacjoe_overflow_chevrons,
          gammafunk_temple_overflow_pools, nicolae_ossuary_entry_monument,
          serial_shops, shop, gammafunk_ghost_nasty_kobolds, minmay_pentangle
D:7:      layout_cave_pods, grunt_temple_overflow_open, serial_shops, shop,
          serial_column_ruins, column_ruins_circle_medium,
          column_ruins_courtyard_long, column_ruins_columns_straight,
          column_ruins_corridor_straight, column_ruins_grid_1,
          column_ruins_corridor_corner, column_ruins_grid_3, column_ruins_grid_3
D:8:      lemuel_slime, layout_basic
D:10:     wad_pebble_path, layout_loops_ring, uniq_maurice
D:11:     layout_grid_maze, erik_orc_4, portal_ice_cave_entry_pillars_2,
          uniq_josephine
Temple:   nicolae_temple_elliptical
Lair:1:   layout_regular_city, gauntlet_entry_generic, uniq_gastronok
Lair:2:   layout_hall_layers, basic_altar, minmay_shattered_shrine
Lair:3:   layout_chaotic_city, guppyfry_snake_entry_garden

Skill      XL: |  1  2  3  4  5  6  7  8  9 10 11 12 |
---------------+-------------------------------------+-----
Necromancy     | 4 5 6 |  6.7
Spellcasting   | 2 3 4 |  4.3
Fighting       | 2 4 5 7 8 |  8.7
Polearms       | 4 6 8 11 12 | 12.4
Stealth        | 2 |  2.0
Throwing       | |  0.3
Dodging        | |  1.5
Evocations     | |  0.2

Action                   |  1- 3 |  4- 6 |  7- 9 | 10-12 || total
-------------------------+-------+-------+-------+-------++-------
Melee: Unarmed           |    77 |       |       |       ||    77
       Whip              |    13 |       |       |       ||    13
       Dagger            |    22 |   170 |   198 |    85 ||   475
       Halberd           |       |       |   270 |   291 ||   561
Throw: Dart              |       |       |     5 |    25 ||    30
 Cast: Pain              |    38 |    67 |    33 |    37 ||   175
       Vampiric Draining |       |     5 |    32 |    46 ||    83
       Animate Dead      |       |     5 |    14 |    14 ||    33
Invok: Recall Ancestor   |       |       |     1 |     1 ||     2
       Ancestor Life: He |       |       |     1 |       ||     1
Evoke: Wand              |       |     5 |    19 |       ||    24
  Use: Scroll            |       |     2 |    11 |     5 ||    18
       Potion            |       |     1 |     5 |     5 ||    11
 Stab: Sleeping          |       |     3 |     9 |     1 ||    13
       Distracted        |       |       |     4 |     7 ||    11
       Confused          |       |       |     3 |     6 ||     9
Armor: Robe              |    50 |   104 |   197 |   150 ||   501
Dodge: Dodged            |    60 |    65 |   219 |   151 ||   495

Table legend: (Time is in decaauts)
 A = Elapsed time spent in this place.
 B = Non-inter-level travel time spent in this place.
 C = Inter-level travel time spent in this place.
 D = Time resting spent in this place.
 E = Time spent auto-exploring this place.
 F = Levels seen in this place.
 G = Mean time per level.
                   A        B        C        D        E       F      G
               +--------+--------+--------+--------+--------+-----+--------+
         Total |  14768 |  14275 |    493 |   1939 |   8667 |  16 |  923.0 |
       Dungeon |   9631 |   9348 |    283 |   1077 |   6026 |  10 |  963.1 |
        Temple |    161 |    148 |     13 |      0 |    127 |   1 |  161.0 |
          Lair |   4344 |   4147 |    197 |    848 |   2243 |   3 | 1448.0 |
       Ossuary |    432 |    432 |      0 |     14 |    193 |   1 |  432.0 |
      Gauntlet |    198 |    198 |      0 |      0 |     78 |   1 |  198.0 |
               +--------+--------+--------+--------+--------+-----+--------+

Top non-repeatable levels by time:
  Lair:2: 2166 daAuts
     D:4: 1941 daAuts
     D:6: 1776 daAuts
  Lair:1: 1366 daAuts
     D:1: 1098 daAuts
     D:3: 1092 daAuts
     D:5: 981 daAuts
     D:7: 974 daAuts
     D:8: 887 daAuts
  Lair:3: 811 daAuts
     D:2: 741 daAuts
 Ossuary: 432 daAuts
Gauntlet: 198 daAuts
  Temple: 161 daAuts
    D:10: 107 daAuts
